AoeStats
← beneath mariana

MegaRandom

506607049Analyzed
4v4 RM · 19d ago on Sep 14, 2026· 44m 31s· 8 players
Game mode
Random Map
Map size
Large (8 player)
Population
200
Speed
Normal
Resources
Standard
Victory
Conquest
Starting age
Dark Age
Ending age
Imperial Age
RankedLock teamsTeams togetherTeam positionsShared explorationLock speedFull tech treeHidden civsTurbo modeCheats
Victory
Defeat
🇦🇺 Teutons · Australia
1535
+13
🇦🇺 Spanish · Australia
1503
+14
🇦🇺 Burgundians · Australia
1484
+15
🇬🇧 Tatars · United Kingdom
1294
+22
🇻🇳 Magyars · Vietnam
1483
-17
🇨🇳 Italians · China
1473
-17
🇨🇳 Slavs · China
1447
-16
🇹🇷 Aztecs · Türkiye
1405
-14
beneath mariana
10:16 Feudal Age
8:33 Loom
12:45 Town Watch
16:12 Castle Age
15:25 Stone Mining
15:39 Double-Bit Axe
16:00 Gold Mining
17:24 Fletching
17:47 Horse Collar
27:05 Bow Saw
27:53 Detinets
29:42 Bodkin Arrow
31:40 Atonement
34:28 Ballistics
36:15 Heavy Plow
40:07 Gold Shaft Mining
39:47 Bloodlines
39:40 Husbandry
41:07 Wheelbarrow
41:44 Scale Barding Armor
42:05 Murder Holes
43:56 Chain Barding Armor
RoadTo1100
10:41 Feudal Age
9:34 Loom
11:27 Loom
12:35 Wheelbarrow
11:52 Double-Bit Axe
14:52 Castle Age
13:31 Stone Mining
16:56 Bow Saw
22:39 Fletching
23:20 Horse Collar
24:04 Gold Mining
25:57 Wheelbarrow
27:33 Thumb Ring
29:03 Ballistics
30:41 Corvinian Army
31:30 Hand Cart
31:48 Bloodlines
32:16 Padded Archer Armor
33:11 Treadmill Crane
35:14 Leather Archer Armor
梅子雨
5:09 Loom
6:37 Loom
9:12 Feudal Age
10:14 Double-Bit Axe
12:36 Fletching
17:33 Padded Archer Armor
21:16 Horse Collar
21:54 Town Watch
27:56 Castle Age
26:53 Gold Mining
28:13 Crossbowman
28:52 Bodkin Arrow
29:17 Bow Saw
33:01 Leather Archer Armor
42:22 Ballistics
Fatih
6:32 Loom
10:18 Feudal Age
11:01 Double-Bit Axe
12:53 Scale Mail Armor
13:39 Arson
19:39 Castle Age
21:08 Squires
20:33 Eagle Warrior
23:12 Horse Collar
24:42 Chain Mail Armor
24:47 Pikeman
26:09 Bow Saw
27:19 Heavy Plow
29:29 Forging
30:06 Gold Mining
31:16 Fletching
34:08 Wheelbarrow
35:17 Gambesons
38:40 Bodkin Arrow
39:45 Hand Cart
41:20 Iron Casting
46:10 Imperial Age
Lloydy_23
7:42 Loom
10:11 Feudal Age
10:39 Double-Bit Axe
11:46 Scale Barding Armor
12:26 Horse Collar
13:07 Forging
22:35 Castle Age
21:13 Bloodlines
22:11 Wheelbarrow
22:28 Gold Mining
28:57 Bow Saw
29:54 Chain Barding Armor
32:12 Hand Cart
32:15 Town Watch
35:27 Iron Casting
37:42 Imperial Age
37:44 Cavalier
39:01 Plate Barding Armor
37:48 Capped Ram
39:47 Blast Furnace
43:24 Conscription
44:22 Chemistry
43:43 Ballistics
Aido
7:31 Loom
10:12 Feudal Age
10:30 Double-Bit Axe
11:05 Horse Collar
14:35 Scale Barding Armor
19:38 Wheelbarrow
22:35 Castle Age
20:45 Gold Mining
21:35 Bow Saw
21:40 Forging
22:14 Gold Shaft Mining
22:00 Heavy Plow
22:55 Light Cavalry
24:14 Iron Casting
23:48 Husbandry
24:02 Cavalier
26:06 Town Watch
27:21 Chain Barding Armor
29:32 Stone Mining
30:29 Hand Cart
40:58 Imperial Age
40:58 Burgundian Vineyards
41:17 Fletching
41:28 Padded Archer Armor
41:03 Paladin
41:05 Hussar
42:26 Plate Barding Armor
42:52 Blast Furnace
42:15 Conscription
41:29 Elite Skirmisher
42:28 Fletching
42:38 Padded Archer Armor
Stev
7:46 Loom
10:08 Feudal Age
11:00 Double-Bit Axe
14:23 Fletching
22:40 Castle Age
21:28 Gold Mining
22:53 Padded Archer Armor
25:58 Bloodlines
27:27 Town Watch
31:07 Inquisition
32:39 Leather Archer Armor
33:01 Bow Saw
35:35 Horse Collar
38:30 Wheelbarrow
38:42 Bodkin Arrow
41:47 Imperial Age
39:32 Heavy Plow
39:39 Stone Mining
42:12 Hand Cart
41:50 Elite Conquistador
44:50 Chemistry
44:02 Masonry
45:06 Husbandry
morbsss
9:01 Loom
11:06 Feudal Age
12:31 Double-Bit Axe
16:37 Fletching
20:59 Castle Age
19:28 Padded Archer Armor
21:28 Horse Collar
22:35 Bodkin Arrow
23:48 Scale Barding Armor
26:33 Ballistics
27:46 Crossbowman
34:07 Bow Saw
34:56 Heavy Plow
35:49 Wheelbarrow
38:37 Gold Mining
40:03 Town Watch
40:49 Silk Armor
42:16 Hand Cart
45:51 Imperial Age
45:10 Town Patrol
Connection lost

Rejoining the realm…

Still unreachable

The connection could not be restored.

Session expired

The server has moved on; the page needs a fresh start.